 Dungeon Crawl Stone Soup version 0.28-a0-384-g9e0c098162 (webtiles) character file.

Game seed: 9516005756663740825

51 chris0x the Caller (level 3, -3/26 HPs)
             Began as a Barachi Summoner on Sept 2, 2021.
             Was a Believer of Lugonu.
             Slain by a gnoll (11 damage)
             ... on level 2 of the Dungeon.
             The game lasted 00:06:14 (2059 turns).

chris0x the Caller (Barachi Summoner)               Turns: 2059, Time: 00:06:14

Health: -3/26      AC:  4    Str:  9    XL:     3   Next: 83%
Magic:  2/6        EV: 12    Int: 15    God:    Lugonu [**....]
Gold:   16         SH:  0    Dex: 13    Spells: 1/7 levels left

rFire   . . .      SeeInvis .   b - staff of death
rCold   . . .      Faith    .   (no shield)
rNeg    + . .      Spirit   .   a - +0 robe
rPois   .          Reflect  .   (no helmet)
rElec   .          Harm     .   (no cloak)
rCorr   .          Rampage  .   f - +1 pair of gloves
Will    .....                   (no boots)
Stlth   ++........              (no amulet)
HPRegen 0.08/turn               (no ring)
MPRegen 0.10/turn               (no ring)

@: slow
A: amphibious, slowness 1, strong legs 1, +LOS
a: Hop, Renounce Religion, Depart the Abyss, Bend Space


You were on level 2 of the Dungeon.
You worshipped Lugonu.
Lugonu was pleased with you.
You visited 1 branch of the dungeon, and saw 2 of its levels.

You collected 28 gold pieces.
You spent 12 gold pieces at shops.

Inventory:

Missiles
 d - 27 arrows
 e - 28 bolts
 g - 59 stones
Armour
 a - a +0 robe (worn)
 c - a +0 ring mail
 f - a +1 pair of gloves (worn)
Magical Staves
 b - a staff of death (weapon)
Potions
 h - a potion of flight {unknown}
 i - a potion of curing


   Skills:
 + Level 1.2 Fighting
 - Level 0.4 Maces & Flails
 + Level 0.0(0.1) Staves
 + Level 0.0 Armour
 * Level 2.7 Dodging
 + Level 2.1 Stealth
 + Level 2.5 Spellcasting
 + Level 0.0 Hexes
 * Level 5.3 Summonings
 + Level 0.1 Necromancy
 + Level 0.4 Invocations
 + Level 0.0 Evocations


You had one spell level left.
You knew the following spells:

 Your Spells              Type           Power      Damage    Failure   Level
a - Summon Small Mammal   Summ           68%        N/A       2%          1
b - Call Imp              Summ           17%        N/A       3%          2
c - Summon Guardian Gole  Hex/Summ       9%         N/A       22%         3

Your spell library contained the following spells:

 Spells                   Type           Power      Damage    Failure   Level
 Call Canine Familiar     Summ           17%        N/A       7%          3
 Summon Lightning Spire   Summ/Air       9%         N/A       56%         4


Dungeon Overview and Level Annotations

Branches:
Dungeon (2/15)

Altars:
Lugonu

Shops:
D:1 (


Innate Abilities, Weirdness & Mutations

You are amphibious.
You cover ground slowly.
You can hop short distances.
You have an extended range of vision and can be seen from far away.


Message History

A gnoll comes into view. It is wielding a +0 halberd.
A gnoll is nearby!
Casting: Call Imp (safe; 3% risk of failure)
Confirm with . or Enter, or press ? or * to list all spells.
A beastly little devil appears in a puff of flame.
Your white imp disappears in a puff of smoke!
A gnoll comes into view. It is wielding a +0 spear.
A gnoll comes into view. It is wielding a +0 whip.
A gnoll comes into view. It is wielding a +0 halberd.
The gnoll shouts! x2
The gnoll hits your crimson imp with a +0 halberd.
Your crimson imp hits the gnoll.
The gnoll misses your crimson imp. x2
Your crimson imp blinks!
Casting: Call Imp (safe; 3% risk of failure)
Confirm with . or Enter, or press ? or * to list all spells.
A beastly little devil appears in a puff of flame.
Your crimson imp disappears in a puff of smoke!
Your crimson imp blinks!
Casting: Call Imp (safe; 3% risk of failure)
Confirm with . or Enter, or press ? or * to list all spells.
A beastly little devil appears in a puff of flame.
Your crimson imp disappears in a puff of smoke!
The gnoll completely misses you.
Your crimson imp hits the gnoll.
The gnoll hits you from afar with a +0 halberd.
Your crimson imp barely misses the gnoll.
The gnoll hits you but does no damage. x2
Your crimson imp closely misses the gnoll.
The gnoll hits you from afar with a +0 halberd!
The gnoll misses your crimson imp.
Your crimson imp blinks!
The gnoll misses you. The gnoll closely misses you.
The gnoll hits you with a +0 spear. The gnoll barely misses you.
You hit the gnoll.
The gnoll is lightly wounded.
The gnoll hits you from afar with a +0 halberd.
The gnoll misses you. The gnoll hits you with a +0 halberd!
You die...

#......##
#..#
#...†...#
...#
#.......#
##...#
#.......#
#...#
+.......#
#5..#
#.......#
##...#
####'#..#
###g..#
#.#..#
###gg...#
#.#..#
##..@g..##
#.####
#.....###
#.#
##...###
#.# #...##
#.# #...#
#.# #...#
#.# ##..##
#.# #...#
#.# #)..#


You could see 4 gnolls and a friendly crimson imp (summoned).

Vanquished Creatures
  A giant cockroach (D:1)
  A hobgoblin (D:1)
  A goblin (D:1)
3 creatures vanquished.

Vanquished Creatures (collateral kills)
  Jessica (D:2)
  3 endoplasms
  4 hobgoblins
  4 jackals (D:1)
  A kobold (D:2)
  A quokka (D:1)
  A ball python (D:1)
  2 bats
  A frilled lizard (D:2)
  A goblin (D:1)
19 creatures vanquished.

Vanquished Creatures (others)
  A fungus (D:1)
1 creature vanquished.

Grand Total: 23 creatures vanquished

Notes
Turn   | Place    | Note
-------+----------+-------------------------------------------
     0 | D:1      | chris0x the Barachi Summoner began the quest for the Orb.
     0 | D:1      | Reached XP level 1. HP: 13/13 MP: 3/3
   584 | D:1      | Reached skill level 5 in Summonings
   723 | D:1      | Reached XP level 2. HP: 14/20 MP: 5/5
   896 | D:1      | Learned a level 2 spell: Call Imp
   943 | D:1      | Found Enyrica's Weapon Shop.
  1262 | D:1      | Bought a +0 club for 12 gold pieces
  1594 | D:1      | Found a faded altar of an unknown god.
  1600 | D:1      | Became a worshipper of Lugonu the Unformed
  1600 | D:1      | Reached * piety under Lugonu
  1600 | D:1      | Reached ** piety under Lugonu
  1633 | D:2      | Reached skill level 1 in Fighting
  1747 | D:2      | Noticed Jessica
  1754 | D:2      | Killed Jessica
  1755 | D:2      | Reached XP level 3. HP: 7/26 MP: 2/6
  1821 | D:2      | Learned a level 3 spell: Summon Guardian Golem
  2059 | D:2      | Slain by a gnoll

Illustrated notes

Levels and vault maps discovered:
D:1:      wander_arrival_fairy_ring, layout_basic,
          shapermc_ecumenical_altar_hornbeckon, serial_shops,
          nicolae_diamond_shop, wad_floor_pattern_untrapped
D:2:      layout_basic, serial_curves, eino_curves_04, eino_curves_04,
          serial_park_tiny_1, uniq_jessica

Skill      XL: |  1  2 |
---------------+-------+-----
Summonings     | 5 |  5.3
Stealth        | 2 |  2.1
Fighting       | 1 |  1.2
Maces & Flails | |  0.4
Dodging        | |  2.7
Spellcasting   | |  2.5
Necromancy     | |  0.1
Invocations    | |  0.4

Action                   || total
-------------------------++-------
Melee: Dagger            ||    53
       Unarmed           ||     9
       Club              ||    12
       Staff             ||     5
 Cast: Summon Small Mamm ||     8
       Call Imp          ||    12
  Use: Potion            ||     3
       Scroll            ||     1
Armor: Robe              ||    52
Dodge: Dodged            ||   103

Table legend: (Time is in decaauts)
 A = Elapsed time spent in this place.
 B = Non-inter-level travel time spent in this place.
 C = Inter-level travel time spent in this place.
 D = Time resting spent in this place.
 E = Time spent auto-exploring this place.
 F = Levels seen in this place.
 G = Mean time per level.
                   A        B        C        D        E       F      G
               +--------+--------+--------+--------+--------+-----+--------+
         Total |   2175 |   2153 |     22 |    857 |    886 |   2 | 1087.5 |
       Dungeon |   2175 |   2153 |     22 |    857 |    886 |   2 | 1087.5 |
               +--------+--------+--------+--------+--------+-----+--------+

Top non-repeatable levels by time:
     D:1: 1725 daAuts
     D:2: 449 daAuts
